 Dungeon Crawl Stone Soup version 0.19-a0-944-gb338e1e (webtiles) character file.

43 TheGoonsmith the Digger (level 3, 0/19 HPs)
             Began as a Gargoyle Earth Elementalist on July 9, 2016.
             Slain by a gnoll
             ... wielding a +3 spear
              (7 damage)
             ... on level 2 of the Dungeon.
             The game lasted 00:01:31 (1409 turns).

TheGoonsmith the Digger (GrEE)                      Turns: 1409, Time: 00:01:32

Health: 0/19       AC:  5    Str: 11    XL:     3   Next: 58%
Magic:  1/7        EV: 12    Int: 16    God:
Gold:   44         SH:  0    Dex: 10    Spells: 1 memorised, 6 levels left

rFire  . . .     SeeInvis .     a - +2 whip (elec)
rCold  . . .     Gourm    .     c - +0 robe
rNeg   + . .     Faith    .     (no shield)
rPois  ∞         Spirit   .     (no helmet)
rElec  +         Dismiss  .     (no cloak)
rCorr  .         Reflect  .     (no gloves)
SustAt .         Harm     .     (no boots)
MR     .....                    (no amulet)
Stlth  ++........               (no ring)
                                (no ring)

@: not resistant to hostile enchantments, unstealthy
A: negative energy resistance 1, electricity resistance, unbreathing,
petrification resistance, rot immunity, AC +3
a: no special abilities


You were on level 2 of the Dungeon.
You were very hungry.

You visited 1 branch of the dungeon, and saw 2 of its levels.

You collected 44 gold pieces.

Inventory:

Hand Weapons
 a - a +2 whip of electrocution (weapon)
 k - a +0 dagger
Missiles
 b - 100 stones (quivered)
Armour
 c - a +0 robe (worn)
Scrolls
 f - a scroll of fear {unknown}
 h - a scroll of noise {unknown}
 i - a scroll of random uselessness {unknown}
Potions
 j - a potion of resistance {unknown}
Books
 e - a book of Geomancy

   Spells                             Type                      Level
   a - Sandblast                      Earth                        1
   b - Passwall                       Transmutation/Earth          2
   c - Stone Arrow                    Conjuration/Earth            3
   d - Petrify                        Transmutation/Earth          4
   e - Lee's Rapid Deconstruction     Earth                        5
Comestibles
 d - a bread ration
 g - 2 slices of pizza


   Skills:
 - Level 1.5 Dodging
 - Level 2.1 Stealth
 + Level 2.7 Spellcasting
   Level 0.7 Transmutations
 * Level 4.7 Earth Magic


You had 6 spell levels left.
You knew the following spells:

 Your Spells              Type           Power        Failure   Level  Hunger
a - Sandblast             Erth           ###...       3%          1    #......


Dungeon Overview and Level Annotations

Branches:
Dungeon (2/15)

Altars:


Innate Abilities, Weirdness & Mutations

You are resistant to torment.
Your stone body is resilient. (AC +3)
You are immune to poison.
You resist negative energy. (rN+)
You are resistant to electric shocks. (rElec)
You can survive without breathing.
You are immune to petrification.
You are immune to rotting.


Message History

The bat barely misses you. The bat hits you but does no damage.
You hit the bat.
The bat is moderately wounded.
The bat closely misses you. The bat hits you but does no damage.
You hit the bat but do no damage. The bat hits you but does no damage. x2
You hit the bat.
There is a sudden explosion of sparks!
You kill the bat!
No target in view!
No target in view!
A gnoll comes into view. It is wielding a spear.
The gnoll shouts!
You hear a bark!
You see here a flail.
A rat, a jackal and a gnoll come into view.
The gnoll shouts!
You hear a bark!
The gnoll hits you from afar with a spear.
You see here a large brass ring.
The gnoll closely misses you.
You see here a flail.
The gnoll hits you from afar with an enchanted spear!
You die...

#.#.....##.#
#........#.#
..........
.......#
h.r..# #
.g.#
....#####g#
.......@)=#
###########


You could see a gnoll.

Vanquished Creatures
  2 gnolls
  A worm (D:1)
  A dart slug (D:1)
  5 bats
  2 giant cockroaches (D:1)
  4 goblins (D:1)
  A jackal (D:2)
  2 giant newts (D:1)
  3 rats (D:1)
21 creatures vanquished.

Notes
Turn   | Place    | Note
-------+----------+-------------------------------------------
     0 | D:1      | TheGoonsmith the Gargoyle Earth Elementalist began the quest for the Orb.
     0 | D:1      | Reached XP level 1. HP: 10/10 MP: 3/3
   314 | D:1      | Reached skill level 4 in Earth Magic
   320 | D:1      | Reached XP level 2. HP: 9/15 MP: 0/5
  1107 | D:1      | Reached XP level 3. HP: 7/19 MP: 1/6
  1409 | D:2      | Slain by a gnoll

Vault maps used:
D:1:      dpeg_arrival_radiant
D:2:      grunt_temple_overflow_growth_and_decay,
          nicolae_overflow_hidden_temple, uniq_terence

Skill      XL: |  1 |
---------------+----+-----
Earth Magic    | 4 |  4.7
Dodging        | |  1.5
Stealth        | |  2.1
Spellcasting   | |  2.7
Transmutations | |  0.7

Action                   || total
-------------------------++-------
Melee: Unarmed           ||    20
       Dagger            ||    17
       Whip              ||     4
Throw: Stone             ||     1
 Cast: Sandblast         ||    44
  Eat: Chunk             ||     1
Armor: Robe              ||    28
Dodge: Dodged            ||    48
